Map: Blackburn LE

Players

Ursus - Winner!

  • Race: Zerg Zerg
  • League: Master
  • Spawn Location: 7:00

RodimusPrime

  • Race: Protoss Protoss
  • League: Master
  • Spawn Location: 5:00

VOD

Have the link to the VOD?

Description

Time

  • Played on: July 3, 2022, 10:37 p.m.
  • Length: 29:49
Show
View Real Time Build Order
Export as new Build Order

Ursus Zerg - Winner!

Build Orders: Hatch First, Brood Lord Corruptor 

Get SALT Encoding   

  12  0:00  Drone  
  13  0:12  Overlord  
  13  0:18  Drone  
  14  0:31  Drone x2  
  16  0:49  Hatchery  
  15  0:52  Drone  
  15  0:56  Drone  
  17  1:00  Drone  
  18  1:10  Extractor  
  17  1:15  Spawning Pool  
  17  1:17  Drone  
  17  1:20  Drone  
  18  1:31  Drone  
  19  1:39  Drone  
  20  1:50  Drone  
  21  2:01  Overlord  
  21  2:02  Queen x2  
  21  2:03  Zergling x2  
  26  2:12  Drone x2  
  28  2:17  Metabolic Boost  
  28  2:27  Zergling x4  
  30  2:35  Hatchery  
  29  2:38  Zergling x2  
  30  2:45  Overlord  
  30  2:46  Zergling x2  
  30  2:49  Zergling x2  
  32  3:03  Drone  
  32  3:04  Drone  
  30  3:15  Drone x3  
  32  3:23  Drone x3  
  35  3:30  Queen  
  36  3:47  Drone x6  
  39  3:56  Overlord  
  39  3:58  Drone x2  
  41  4:06  Drone x3  
  44  4:17  Overlord  
  44  4:18  Drone x3  
  44  4:19  Queen  
  49  4:26  Drone  
  49  4:27  Drone x3  
  53  4:36  Drone x6  
  59  4:42  Spore Crawler  
  59  4:44  Queen  
  60  4:47  Overlord x2  
  60  5:01  Overlord  
  60  5:10  Extractor  
  60  5:11  Lair  
  60  5:12  Overlord  
  60  5:13  Hatchery, Drone x6  
  60  5:14  Drone  
  65  5:18  Zergling x4  
  67  5:23  Zergling x6  
  67  5:24  Drone x3  
  73  5:33  Drone x3  
  73  5:35  Roach Warren  
  75  5:48  Overlord  
  75  5:50  Zergling x2  
  76  5:58  Hatchery  
  76  5:59  Drone x9  
  84  6:22  Extractor, Baneling Nest  
  83  6:25  Extractor  
  83  6:27  Drone x9, Evolution Chamber  
  83  6:28  Extractor  
  83  6:32  Hatchery  
  88  6:33  Drone x2  
  88  6:38  Overseer  
  90  6:40  Pneumatized Carapace  
  90  6:45  Spore Crawler  
  89  6:49  Extractor  
  89  6:50  Spore Crawler  
  86  6:56  Spore Crawler  
  86  7:00  Drone x9  
  93  7:08  Drone x5  
  93  7:09  Spore Crawler x3  
  93  7:14  Drone  
  90  7:24  Drone x2  
  90  7:25  Infestation Pit  
  90  7:28  Zerg Melee Weapons Level 1  
  91  7:30  Spore Crawler  
  91  7:31  Spore Crawler  
  91  7:32  Spore Crawler  
  88  7:43  Overlord  
  88  7:46  Queen, Overlord  
  88  7:47  Drone x5  
  92  8:01  Drone x6  
  96  8:08  Queen  
  96  8:09  Queen  
  96  8:11  Drone x14  
  114  8:13  Hive  
  114  8:17  Glial Reconstitution  
  114  8:18  Spire  
  113  8:23  Baneling Nest  
  113  8:24  Overlord  
  113  8:25  Overlord x6  
  112  8:35  Extractor  
  112  8:36  Extractor x2  
  112  8:37  Extractor  
  104  8:42  Overlord  
  104  8:43  Drone x8  
  110  8:52  Overseer  
  110  8:53  Overseer x2  
  109  9:09  Overlord  
  108  9:21  Roach  
  108  9:22  Roach x8, Zergling x6  
  129  9:25  Zerg Melee Weapons Level 2  
  129  9:26  Centrifugal Hooks  
  129  9:27  Evolution Chamber  
  128  9:35  Viper x3  
  128  9:36  Viper  
  140  9:47  Viper  
  140  9:52  Overlord  
  143  9:54  Hatchery  
  141  10:06  Spore Crawler  
  140  10:09  Burrow  
  140  10:16  Viper, Corruptor  
  140  10:17  Spore Crawler, Corruptor x4  
  140  10:18  Spore Crawler x2  
  140  10:19  Zerg Missile Weapons Level 1  
  150  10:23  Baneling x4  
  150  10:28  Spore Crawler  
  150  10:39  Spore Crawler  
  150  10:40  Overlord  
  150  10:41  Drone x7  
  156  10:45  Overseer x2  
  156  10:46  Overseer  
  156  10:49  Baneling x8  
  156  10:51  Extractor  
  156  10:52  Extractor  
  156  10:55  Overseer x2  
  154  10:57  Overlord  
  154  10:59  Zergling x8  
  154  11:03  Hatchery  
  157  11:04  Spine Crawler x2  
  157  11:05  Spine Crawler  
  157  11:06  Spine Crawler x2  
  157  11:07  Spine Crawler, Viper  
  157  11:08  Viper x2  
  157  11:10  Greater Spire  
  160  11:24  Drone x6  
  166  11:26  Drone x2  
  166  11:32  Spore Crawler  
  167  11:42  Corruptor x2  
  167  11:43  Corruptor x3  
  167  11:46  Overlord  
  177  11:48  Roach x2  
  177  11:49  Roach x5  
  191  11:58  Spore Crawler x3  
  188  12:05  Overlord  
  188  12:06  Drone x4  
  192  12:09  Spore Crawler x4  
  192  12:10  Spore Crawler  
  192  12:11  Spore Crawler  
  192  12:14  Drone x3  
  189  12:17  Overseer x4  
  189  12:24  Brood Lord x5  
  199  12:31  Overseer x2  
  199  12:33  Baneling x9  
  196  13:04  Corruptor  
  196  13:05  Corruptor x7  
  196  13:11  Brood Lord x5  
  198  13:25  Hatchery  
  193  13:30  Spore Crawler x2  
  193  13:31  Zerg Flyer Armor Level 1, Spore Crawler  
  193  13:32  Spore Crawler x2  
  193  13:33  Spore Crawler  
  180  13:37  Spire  
  177  13:42  Spore Crawler  
  174  13:52  Corruptor x6  
  174  13:53  Corruptor  
  184  14:06  Drone x2  
  182  14:13  Zergling x4  
  184  14:23  Extractor  
  174  14:24  Ultralisk Cavern  
  174  14:27  Drone x9  
  174  14:28  Drone  
  182  14:35  Roach  
  182  14:36  Roach x4  
  191  14:57  Viper  
  192  15:05  Roach  
  192  15:06  Roach x3  
  199  15:08  Roach  
  199  15:09  Overseer x2  
  198  15:18  Spore Crawler  
  189  15:25  Drone x2  
  189  15:26  Spore Crawler  
  189  15:28  Spore Crawler  
  189  15:29  Ultralisk  
  189  15:30  Spore Crawler  
  194  15:37  Chitinous Plating  
  194  15:43  Spore Crawler  
  194  15:44  Spore Crawler  
  194  15:46  Spore Crawler  
  194  15:47  Viper, Corruptor x2  
  194  15:48  Corruptor  
  194  15:49  Spore Crawler  
  199  15:53  Spore Crawler  
  198  16:05  Drone x2  
  199  16:28  Zergling x2  
  199  16:31  Hatchery  
  199  16:42  Spore Crawler  
  199  16:43  Spore Crawler  
  199  16:44  Spore Crawler  
  196  16:56  Anabolic Synthesis, Zergling x8  
  199  17:01  Baneling x2  
  199  17:09  Zergling x2  
  199  17:13  Hatchery  
  199  17:15  Zerg Ground Armor Level 1, Zerg Melee Weapons Level 3  
  199  17:18  Evolution Chamber  
  198  17:22  Queen  
  200  17:42  Spore Crawler x3  
  197  17:47  Zerg Flyer Armor Level 2  
  197  17:48  Zerg Flyer Weapons Level 1  
  197  17:49  Pathogen Glands, Spore Crawler  
  196  18:01  Spore Crawler x2  
  196  18:02  Spore Crawler x2  
  192  18:24  Drone  
  193  18:33  Baneling x4  
  193  18:34  Baneling x6  
  193  18:35  Drone x6  
  193  18:36  Drone  
  193  18:40  Spore Crawler  
  199  18:41  Spore Crawler  
  199  18:42  Spore Crawler  
  199  18:46  Neural Parasite  
  186  18:57  Corruptor  
  186  18:58  Corruptor x7  
  200  19:22  Spine Crawler  
  200  19:23  Spine Crawler x2  
  197  19:26  Spine Crawler  
  197  19:27  Spore Crawler  
  197  19:28  Spine Crawler  
  197  19:29  Spore Crawler  
  197  19:30  Spore Crawler  
  192  19:47  Infestor x3  
  192  19:50  Drone x4, Spore Crawler x2  
  200  19:54  Spore Crawler  
  200  19:55  Spore Crawler x2  
  200  19:58  Spore Crawler x2  
  188  20:15  Drone x3  
  188  20:16  Drone x8  
  197  20:24  Drone x3  
  200  20:32  Spore Crawler  
  197  20:58  Overlord x2  
  197  20:59  Overlord  
  197  21:05  Overlord  
  197  21:24  Drone x3  
  200  22:00  Corruptor  
  196  22:12  Queen  
  196  22:15  Hatchery  
  197  22:19  Spore Crawler  
  196  22:24  Spore Crawler  
  196  22:25  Spore Crawler x2  
  193  22:33  Queen, Corruptor  
  193  22:35  Infestor  
  199  22:39  Spore Crawler  
  186  22:55  Corruptor x8  
  167  23:27  Brood Lord x5  
  175  23:40  Ultralisk x3  
  175  23:41  Zergling x6  
  186  23:56  Zergling x2  
  186  23:57  Zergling x14  
  194  24:08  Drone x4  
  196  24:25  Drone x4  
  200  24:43  Zerg Missile Weapons Level 2  
  200  24:45  Zerg Flyer Armor Level 3  
  200  24:46  Zerg Flyer Weapons Level 2  
  200  25:02  Overseer x3  
  200  25:51  Lair  
  200  25:52  Ultralisk Cavern  
  200  25:54  Spire  
  197  26:13  Hatchery  
  192  26:54  Drone x3  
  192  26:55  Drone x2  
  197  27:16  Overseer x3  
  197  27:25  Infestation Pit  
  196  27:58  Hatchery  
  195  28:00  Zergling x4  
  195  28:01  Overlord  
  197  28:05  Overlord  
  197  28:17  Overlord  
  196  28:20  Overlord x7  
  193  28:31  Drone  
Show
View Real Time Build Order
Export as new Build Order

RodimusPrime Protoss 

Build Orders: Carriers 

Get SALT Encoding   

  12  0:00  Probe  
  13  0:12  Probe  
  14  0:18  Pylon  
  14  0:24  Probe (Chrono Boost)  
  15  0:38  Probe (Chrono Boost)  
  15  0:41  Gateway  
  16  0:43  Probe (Chrono Boost)  
  16  0:49  Assimilator  
  17  0:54  Probe  
  18  1:06  Probe  
  19  1:12  Gateway  
  19  1:18  Probe  
  20  1:29  Cybernetics Core  
  20  1:30  Probe  
  21  1:34  Pylon  
  21  2:02  Adept (Chrono Boost)  
  21  2:03  Adept (Chrono Boost)  
  21  2:08  Warp Gate  
  25  2:17  Nexus  
  25  2:20  Assimilator  
  25  2:28  Adept  
  27  2:35  Probe  
  28  2:47  Probe  
  29  2:59  Probe  
  30  3:11  Probe  
  31  3:19  Stargate  
  31  3:27  Pylon  
  31  3:29  Probe (Chrono Boost)  
  31  3:31  Probe (Chrono Boost)  
  33  3:38  Probe (Chrono Boost)  
  33  3:39  Probe (Chrono Boost)  
  35  3:43  Probe  
  35  3:45  Probe  
  37  3:55  Probe  
  34  3:57  Adept x2, Probe  
  43  4:07  Probe  
  43  4:08  Void Ray  
  43  4:09  Probe  
  45  4:17  Pylon  
  45  4:18  Adept  
  45  4:19  Probe  
  45  4:21  Probe  
  49  4:38  Nexus  
  49  4:39  Pylon  
  49  4:41  Probe  
  49  4:45  Probe  
  55  4:56  Phoenix  
  55  4:57  Stargate  
  55  4:59  Probe x2  
  55  5:02  Assimilator  
  55  5:05  Shield Battery  
  55  5:06  Assimilator  
  55  5:12  Probe x2 (Chrono Boost)  
  57  5:21  Phoenix  
  59  5:23  Probe (Chrono Boost)  
  59  5:24  Probe (Chrono Boost)  
  59  5:25  Protoss Air Weapons Level 1  
  59  5:26  Forge  
  61  5:28  Probe (Chrono Boost)  
  61  5:29  Probe (Chrono Boost)  
  61  5:33  Shield Battery  
  63  5:42  Phoenix  
  65  5:47  Probe x2  
  65  5:49  Phoenix  
  69  5:54  Probe  
  70  5:59  Probe x2  
  72  6:17  Adept  
  74  6:32  Probe x3  
  77  6:35  Assimilator  
  77  6:36  Phoenix x2  
  77  6:37  Fleet Beacon  
  77  6:39  Assimilator  
  81  6:43  Photon Cannon  
  81  6:45  Probe (Chrono Boost)  
  81  6:46  Pylon  
  82  6:47  Probe (Chrono Boost)  
  82  6:50  Probe (Chrono Boost)  
  84  6:55  Nexus  
  85  7:02  Pylon, Probe (Chrono Boost)  
  85  7:04  Probe (Chrono Boost), Phoenix  
  88  7:23  Phoenix  
  88  7:26  Photon Cannon  
  88  7:27  Photon Cannon  
  88  7:29  Phoenix  
  92  7:31  Assimilator  
  92  7:35  Assimilator  
  92  7:39  Shield Battery  
  92  7:42  Probe x3, Stargate  
  95  7:45  Pylon  
  101  7:52  Carrier (Chrono Boost)  
  101  8:02  Carrier (Chrono Boost)  
  101  8:03  Probe  
  102  8:11  Photon Cannon  
  102  8:12  Probe x2  
  110  8:13  Probe  
  111  8:20  Probe  
  111  8:24  Probe  
  111  8:25  Pylon, Probe x2  
  115  8:28  Pylon  
  121  8:35  Carrier (Chrono Boost)  
  119  8:46  Probe x2  
  119  8:47  Probe  
  122  8:50  Photon Cannon  
  122  8:53  Pylon  
  122  9:01  Carrier x2  
  122  9:02  Nexus  
  134  9:04  Pylon  
  134  9:06  Pylon  
  134  9:10  Probe x2  
  134  9:11  Assimilator x2  
  136  9:17  Probe x2  
  136  9:18  Photon Cannon  
  136  9:21  Pylon  
  136  9:22  Probe  
  139  9:25  Photon Cannon  
  139  9:27  Shield Battery  
  139  9:34  Protoss Shields Level 1 (Chrono Boost)  
  139  9:41  Twilight Council  
  139  9:44  Pylon  
  143  9:46  Probe  
  143  9:47  Probe  
  143  9:48  Photon Cannon  
  143  9:50  Void Ray, Photon Cannon  
  143  9:51  Protoss Air Weapons Level 2 (Chrono Boost), Shield Battery  
  145  9:53  Gateway  
  145  9:55  Robotics Facility  
  145  10:02  Photon Cannon  
  145  10:04  Shield Battery  
  151  10:07  Carrier (Chrono Boost)  
  151  10:13  Void Ray  
  155  10:20  Charge  
  155  10:39  Templar Archives  
  155  10:40  Photon Cannon  
  155  10:41  Shield Battery  
  156  10:43  Observer  
  156  10:45  Probe, Robotics Bay  
  157  10:55  Void Ray (Chrono Boost)  
  157  10:56  Void Ray (Chrono Boost)  
  165  11:02  Nexus  
  165  11:03  Pylon  
  166  11:04  Observer  
  166  11:06  Pylon  
  166  11:09  Assimilator  
  166  11:12  Assimilator  
  166  11:13  Gateway  
  166  11:16  Gateway  
  166  11:18  Gateway  
  166  11:19  High Templar x3  
  166  11:21  Gateway  
  166  11:24  Archon  
  172  11:28  Photon Cannon  
  172  11:31  Photon Cannon  
  172  11:34  Photon Cannon  
  172  11:35  Shield Battery  
  172  11:38  Shield Battery  
  172  11:39  Gateway  
  172  11:43  Gateway  
  172  11:46  Photon Cannon  
  172  11:47  Protoss Shields Level 2 (Chrono Boost)  
  172  11:49  Shield Battery  
  172  11:58  High Templar x3  
  186  12:02  Void Ray x2  
  186  12:06  Gateway  
  186  12:08  Gateway  
  186  12:11  Observer  
  186  12:12  Pylon  
  186  12:13  Psionic Storm  
  186  12:14  Zealot  
  186  12:15  Zealot x2  
  193  12:26  Archon x2  
  193  12:32  Zealot x3  
  180  13:11  High Templar x5  
  186  13:23  Zealot x5  
  186  13:24  Zealot  
  192  13:44  Protoss Air Weapons Level 3 (Chrono Boost)  
  190  14:12  Zealot x5  
  192  14:34  Zealot x3  
  192  14:35  Zealot  
  168  15:08  Zealot x3  
  168  15:09  Zealot x2  
  170  15:32  Carrier x3  
  172  15:52  Zealot x2  
  172  15:53  Zealot x5  
  172  15:54  Zealot x3  
  192  16:05  Nexus  
  192  16:10  Pylon  
  186  16:11  Pylon  
  174  16:31  High Templar x5  
  156  17:03  Photon Cannon  
  156  17:04  Photon Cannon  
  156  17:05  Assimilator x2  
  156  17:11  High Templar x3  
  156  17:12  High Templar x5  
  170  17:16  Archon x3  
  170  17:21  Archon x2  
  170  17:22  Archon  
  170  17:26  Zealot x2  
  170  17:27  Zealot  
  170  17:28  Protoss Ground Weapons Level 1 (Chrono Boost)  
  176  17:31  Blink  
  176  17:37  Mothership (Chrono Boost)  
  176  17:43  Void Ray x3  
  196  17:44  Gateway  
  196  17:46  Shield Battery  
  196  17:48  Gateway  
  196  17:50  Photon Cannon  
  196  17:52  Pylon  
  196  17:57  Photon Cannon  
  196  17:59  Pylon  
  176  18:26  Void Ray  
  180  18:31  Pylon  
  180  18:46  Zealot  
  180  18:48  Gateway  
  174  18:51  Gateway  
  174  18:53  Gateway  
  168  19:12  Pylon  
  168  19:28  Photon Cannon  
  168  19:30  Photon Cannon  
  168  19:31  Shield Battery  
  164  19:42  Tempest x3 (Chrono Boost)  
  179  19:53  Photon Cannon  
  179  20:05  Pylon  
  179  20:07  Pylon  
  179  20:13  Stalker x2  
  179  20:14  Stalker x3  
  183  20:16  Stalker x3  
  183  20:17  Zealot x3  
  172  20:59  Tempest x2  
  182  21:07  Zealot x5  
  182  21:08  Zealot  
  194  21:16  Photon Cannon  
  192  21:18  Pylon, Photon Cannon  
  192  21:24  High Templar x2  
  192  21:25  High Templar  
  196  21:31  Pylon  
  194  21:42  Oracle  
  183  22:09  Zealot x3  
  183  22:10  Zealot x4  
  183  22:11  Zealot  
  190  22:36  Protoss Ground Weapons Level 2 (Chrono Boost)  
  190  22:46  Forge  
  151  23:02  Archon  
  121  23:15  Stalker x6  
  121  23:16  Stalker x4  
  121  23:17  Stalker x5  
  149  23:32  Carrier x3  
  157  23:41  High Templar x3  
  157  23:42  High Templar x2  
  167  23:54  Observer  
  149  24:15  Observer  
  150  24:21  Zealot x2  
  150  24:22  Zealot x2  
  156  24:25  Stalker x2  
  156  24:26  Stalker x4  
  156  24:27  Stalker x5  
  178  24:36  Protoss Shields Level 3 (Chrono Boost)  
  178  24:37  Observer  
  171  25:04  Zealot x3  
  171  25:05  Zealot x3  
  183  25:13  Carrier x2  
  184  25:34  Protoss Ground Weapons Level 3 (Chrono Boost)  
  185  26:02  Void Ray  
  183  26:23  Void Ray x2  
  179  26:34  High Templar x4  
  191  26:45  Void Ray  
  191  27:06  Void Ray  
  191  27:14  Assimilator  
  191  27:22  Observer  
  199  27:30  Void Ray x2  
  107  29:34  Stalker x5  
  107  29:35  Stalker x2  
  107  29:36  Stalker x4  
  107  29:37  Stalker x2  
  107  29:38  Stalker  
Tags
 
Add a new tag
Caveats
  • Supply blocks, unpowered buildings, or Contaminate may cause inaccurate times.
  • Supply counts are checked every 10 seconds.